 Dungeon Crawl Stone Soup version 0.27-a0-1299-g1ab19c6527 (webtiles) character file.

Game seed: 6026643134724811188

372 bande the Shield-Bearer (level 6, 0/39 HPs)
             Began as a Gargoyle Fighter on June 16, 2021.
             Killed by divine providence
             ... invoked by an orc priest
              (12 damage)
             ... on level 4 of the Dungeon.
             The game lasted 00:04:36 (3528 turns).

bande the Shield-Bearer (Gargoyle Fighter)          Turns: 3528, Time: 00:04:37

Health: 0/39       AC: 14    Str: 20    XL:     6   Next: 71%
Magic:  6/6        EV:  8    Int:  9    God:
Gold:   91         SH:  0    Dex: 10    Spells: 5/5 levels left

rFire    . . .     SeeInvis .   a - +0 war axe
rCold    . . .     Faith    .   c - +0 kite shield
rNeg     + . .     Spirit   .   b - +0 scale mail
rPois    ∞         Reflect  .   (no helmet)
rElec    +         Harm     .   (no cloak)
rCorr    .         Rampage  .   (no gloves)
Will     .....                  e - +2 pair of boots
Stlth    ..........             (no amulet)
HPRegen  0.13/turn              (no ring)
MPRegen  0.10/turn              (no ring)

@: confused
A: sickness immunity, AC +4, negative energy resistance 1, electricity
resistance, torment resistance 1, petrification resistance
a: no special abilities


You were on level 4 of the Dungeon.
You visited 1 branch of the dungeon, and saw 4 of its levels.

You collected 91 gold pieces.

Inventory:

Hand Weapons
 a - a +0 war axe (weapon)
Armour
 b - a +0 scale mail (worn)
 c - a +0 kite shield (worn)
 e - a +2 pair of boots (worn)
Jewellery
 i - a ring of see invisible
 j - an amulet of faith
 o - an amulet of magic regeneration
Scrolls
 h - a scroll of teleportation
Potions
 d - a potion of might
 f - a potion of haste
 g - a potion of curing
 k - a potion of cancellation
 l - a potion of attraction {unknown}
 m - a potion of mutation {unknown}
 n - a potion of ambrosia {unknown}
 p - a potion of degeneration {unknown}


   Skills:
 + Level 4.3 Fighting
 + Level 3.7 Axes
 + Level 4.3 Armour
 + Level 1.5 Dodging
 + Level 5.0 Shields


You had 5 spell levels left.
You didn't know any spells.
Your spell library contained the following spells:

 Spells                   Type           Power      Damage    Failure   Level
 Animate Skeleton         Necr           0%         N/A       99%         1
 Pain                     Necr           0%         1d4       99%         1
 Vampiric Draining        Necr           0%         2d6       100%        3
 Animate Dead             Necr           0%         N/A       100%        4
 Agony                    Necr           0%         N/A       100%        5


Dungeon Overview and Level Annotations

Branches:
Dungeon (4/15)
 Temple: D:4-7

Altars:
Sif Muna
The Shining One


Innate Abilities, Weirdness & Mutations

You are immune to sickness and miasma.
Your stone body is resilient. (AC +4)
You are immune to poison.
You resist negative energy. (rN+)
You are resistant to electric shocks. (rElec)
You are resistant to unholy torment.
You are immune to petrification.


Message History

You completely miss the orc wizard. You block the orc wizard's attack.
The orc wizard hits you but does no damage.
You completely miss the orc wizard.
The orc wizard hits you but does no damage.
You block the orc priest's attack.
You barely miss the orc priest. You closely miss the orc wizard.
The orc priest looks braver for a moment.
The orc wizard gestures at you while chanting.
The magic dart hits you!
You slash the orc priest!
The orc priest is heavily wounded.
You hit the orc priest. You hit the orc wizard.
The orc priest hits you with a +0 hand axe.
You block the orc priest's attack. You block the orc wizard's attack.
The orc priest hits you with a +0 hand axe.
The orc priest completely misses you.
You slash the orc priest!
The orc priest is almost dead.
You hit the orc priest. You completely miss the orc wizard.
The orc wizard casts a spell at you. The magic dart hits you.
The orc priest hits you but does no damage. x2
The orc wizard hits you but does no damage.
The orc priest hits you but does no damage.
You hit the orc priest.
You kill the orc priest!
You hit the orc priest but do no damage.
You hit the orc wizard but do no damage.
The orc wizard casts a spell at you.
You are confused.
The orc priest closely misses you.
Your Shields skill increases to level 5!
Unknown command.
You barely miss the orc wizard.
The orc wizard is moderately wounded.
You hit the orc priest.
The orc wizard hits you but does no damage.
The orc priest mumbles some strange prayers to Beogh against you.
Beogh smites you!
You die...

#... ........#..#.####
#............#..#....##
..?...#......#..#.....##
#.......)#8.#...(..#
.####......#..#<.....#
......................#
#####.................#
#.......o)........#
###.....o@........#
##.....).......##
##.....#.....##
#############


You could see an orc priest and an orc wizard.

Vanquished Creatures
  A black bear (D:3)
  A phantom (D:4)
  A scorpion (D:3)
  An orc priest (D:4)
  3 adders
  A worm (D:2)
  5 dart slugs
  An orc (D:3)
  4 endoplasms
  4 giant cockroaches (D:1)
  9 goblins
  8 hobgoblins
  4 jackals (D:1)
  3 kobolds
  3 quokkas
  6 ball pythons
  6 bats
  2 frilled lizards
  13 rats
76 creatures vanquished.

Notes
Turn   | Place    | Note
-------+----------+-------------------------------------------
     0 | D:1      | bande the Gargoyle Fighter began the quest for the Orb.
     0 | D:1      | Reached XP level 1. HP: 14/14 MP: 1/1
   233 | D:1      | Reached XP level 2. HP: 19/19 MP: 2/2
   840 | D:1      | Reached XP level 3. HP: 24/24 MP: 3/3
  1456 | D:2      | Found a shimmering blue altar of Sif Muna.
  1729 | D:2      | Reached XP level 4. HP: 29/29 MP: 4/4
  1946 | D:2      | Reached skill level 4 in Shields
  2603 | D:3      | Found a faded altar of an unknown god.
  2783 | D:3      | Found a glowing golden altar of the Shining One.
  2899 | D:4      | Noticed a phantom
  2927 | D:4      | Killed a phantom
  2928 | D:4      | Reached skill level 1 in Dodging
  2928 | D:4      | Reached XP level 5. HP: 17/33 MP: 5/5
  3312 | D:4      | Noticed a black bear
  3330 | D:3      | Killed a black bear
  3331 | D:3      | Reached XP level 6. HP: 17/38 MP: 6/6
  3528 | D:4      | Reached skill level 5 in Shields
  3528 | D:4      | Killed from afar by an orc priest

Illustrated notes

Levels and vault maps discovered:
D:1:      lightli_arrival_lavapool, layout_basic, minmay_rat_gold_closets
D:2:      layout_rooms, basic_altar
D:3:      layout_loops_ring, lemuel_round_altar, ebering_ecumenical_altar_rust,
          minmay_pentomino_pile
D:4:      minmay_inner_zag, layout_rooms, lemuel_doored_altar, temple_doors_e,
          corexii_hall_statues_x, chequers_decorated_corner,
          hangedman_decor_riveting

Skill      XL: |  1  2  3  4  5  6 |
---------------+-------------------+-----
Axes           | 2 3 |  3.7
Shields        | 4 5 |  5.0
Fighting       | 4 |  4.3
Dodging        | 1 |  1.5
Armour         | 4 |  4.3

Action                   |  1- 3 |  4- 6 || total
-------------------------+-------+-------++-------
Melee: War axe           |   134 |   136 ||   270
  Use: Scroll            |     2 |     5 ||     7
       Potion            |     2 |       ||     2
Armor: Scale mail        |    98 |    90 ||   188
Dodge: Dodged            |    38 |    49 ||    87
Block: Kite shield       |    80 |    90 ||   170

Table legend: (Time is in decaauts)
 A = Elapsed time spent in this place.
 B = Non-inter-level travel time spent in this place.
 C = Inter-level travel time spent in this place.
 D = Time resting spent in this place.
 E = Time spent auto-exploring this place.
 F = Levels seen in this place.
 G = Mean time per level.
                   A        B        C        D        E       F      G
               +--------+--------+--------+--------+--------+-----+--------+
         Total |   3692 |   3692 |      0 |    763 |   2209 |   4 |  923.0 |
       Dungeon |   3692 |   3692 |      0 |    763 |   2209 |   4 |  923.0 |
               +--------+--------+--------+--------+--------+-----+--------+

Top non-repeatable levels by time:
     D:1: 1477 daAuts
     D:3: 1391 daAuts
     D:2: 728 daAuts
     D:4: 95 daAuts
